Map: Acolyte LE

Players

IIIIIIIIIIII

  • Race: Protoss Protoss
  • League: Master
  • Spawn Location: 1:00

llllllllllll - Winner!

  • Race: Zerg Zerg
  • League: Master
  • Spawn Location: 7:00

VOD

Have the link to the VOD?

Description

Time

  • Played on: July 26, 2017, 3:07 a.m.
  • Length: 12:00
Show
View Real Time Build Order
Export as new Build Order

IIIIIIIIIIII Protoss 

Build Orders: 1 Gate Expand, Archon Immortal, Archon Drop 

Get SALT Encoding   

  12  0:00  Probe (Chrono Boost)  
  13  0:11  Probe (Chrono Boost)  
  14  0:17  Pylon  
  14  0:22  Probe (Chrono Boost)  
  15  0:35  Probe (Chrono Boost)  
  16  0:37  Gateway  
  16  0:44  Assimilator  
  16  0:46  Probe (Chrono Boost)  
  18  0:57  Probe (Chrono Boost)  
  18  1:07  Probe (Chrono Boost)  
  20  1:20  Nexus  
  20  1:24  Probe (Chrono Boost)  
  20  1:32  Cybernetics Core  
  20  1:36  Probe (Chrono Boost)  
  21  1:42  Assimilator  
  21  1:46  Probe (Chrono Boost)  
  22  1:53  Pylon  
  22  1:57  Probe (Chrono Boost)  
  23  2:11  Stalker (Chrono Boost), Probe  
  26  2:23  Warp Gate, Probe  
  27  2:30  Mothership Core (Chrono Boost)  
  27  2:35  Probe (Chrono Boost)  
  30  2:37  Zealot (Chrono Boost)  
  32  2:46  Probe (Chrono Boost)  
  32  2:50  Probe (Chrono Boost)  
  34  2:57  Probe (Chrono Boost)  
  35  3:01  Probe (Chrono Boost)  
  35  3:03  Robotics Facility  
  36  3:08  Probe (Chrono Boost)  
  36  3:11  Probe (Chrono Boost)  
  38  3:13  Twilight Council  
  38  3:18  Probe (Chrono Boost)  
  39  3:22  Probe (Chrono Boost)  
  40  3:29  Probe (Chrono Boost)  
  40  3:30  Pylon  
  40  3:31  Pylon  
  40  3:32  Probe (Chrono Boost)  
  42  3:37  Assimilator  
  42  3:38  Assimilator  
  42  3:39  Probe (Chrono Boost)  
  43  3:42  Charge (Chrono Boost)  
  43  3:44  Probe (Chrono Boost)  
  44  3:50  Probe (Chrono Boost)  
  44  3:51  Observer  
  44  3:53  Probe  
  47  3:57  Gateway  
  47  3:58  Gateway  
  47  4:01  Probe  
  48  4:04  Probe  
  48  4:09  Gateway  
  49  4:13  Probe  
  49  4:15  Warp Prism (Chrono Boost)  
  52  4:17  Probe  
  52  4:23  Templar Archives  
  53  4:25  Probe  
  53  4:29  Probe  
  55  4:33  Pylon  
  55  4:34  Zealot  
  57  4:41  Probe  
  58  4:52  Zealot  
  60  4:53  Stalker  
  60  4:54  Zealot  
  60  4:57  Immortal  
  68  5:00  Probe x2  
  68  5:04  Pylon  
  70  5:08  Pylon  
  70  5:18  Nexus  
  70  5:23  High Templar x3  
  70  5:24  High Templar  
  70  5:27  Archon  
  70  5:28  Archon  
  78  5:29  Probe x2  
  80  5:41  Probe x2  
  80  5:42  Immortal  
  86  5:46  Forge  
  86  5:57  Probe  
  79  6:08  Probe  
  79  6:09  Probe  
  79  6:10  Robotics Facility  
  81  6:13  Gateway  
  81  6:16  Gateway  
  81  6:18  Zealot x2  
  85  6:21  Probe  
  85  6:24  Pylon  
  85  6:25  Pylon  
  86  6:27  Psionic Storm, Assimilator  
  86  6:29  Assimilator  
  86  6:32  Zealot, Observer  
  89  6:34  Zealot  
  89  6:39  Probe  
  91  6:40  Probe x2  
  94  6:49  Probe  
  94  6:50  Protoss Ground Weapons Level 1 (Chrono Boost)  
  94  6:52  Probe x2  
  97  7:00  Probe  
  97  7:01  Immortal x2  
  97  7:04  Probe x2  
  97  7:05  Blink  
  108  7:12  Probe, High Templar x2  
  110  7:30  Probe x3  
  110  7:36  Pylon  
  112  7:37  Photon Cannon x2, Immortal  
  116  7:47  Pylon  
  116  7:50  Pylon  
  116  7:52  Pylon  
  116  7:53  Pylon  
  116  7:55  Pylon  
  104  7:58  Probe x2  
  104  7:59  Probe  
  104  8:03  Photon Cannon  
  104  8:04  Zealot x6  
  119  8:12  Immortal  
  122  8:13  Immortal  
  127  8:25  Gateway  
  127  8:26  Gateway  
  127  8:27  High Templar x3  
  127  8:28  High Templar  
  127  8:31  Archon  
  127  8:32  Archon  
  109  8:42  Zealot x2  
  109  8:46  Immortal  
  85  9:04  Zealot x6  
  85  9:08  Probe x2  
  94  9:14  Probe  
  95  9:20  Probe x2  
  97  9:26  Probe, High Templar x6  
  110  9:32  Probe x2  
  112  9:38  Probe  
  112  9:44  Mothership Core, Probe  
  116  9:50  Probe  
  117  9:53  Pylon  
  117  9:54  Pylon  
  117  9:56  Pylon, Probe  
  118  10:03  Probe  
  119  10:13  High Templar x4  
  127  10:14  Zealot x4  
  127  10:17  Archon x2  
  135  10:26  Gateway x2  
  135  10:29  Gateway  
  135  10:31  Gateway  
  135  10:37  High Templar x2  
  135  10:38  Stalker x2  
  143  10:49  Zealot, Sentry x2  
  128  10:50  Zealot  
  128  10:54  Archon  
  115  11:06  Archon  
  115  11:08  High Templar  
  115  11:09  Zealot  
  109  11:14  Pylon  
  109  11:15  Pylon  
  109  11:19  Pylon  
  109  11:25  Mothership Core  
  101  11:26  Pylon  
  101  11:27  Pylon  
  78  11:38  Zealot x3  
Show
View Real Time Build Order
Export as new Build Order

llllllllllll Zerg - Winner!

Build Orders: Hatch First 

Get SALT Encoding   

  12  0:00  Drone  
  13  0:07  Drone  
  14  0:16  Overlord  
  14  0:21  Extractor  
  13  0:23  Drone  
  15  0:35  Drone x2  
  17  0:52  Hatchery  
  17  0:54  Drone  
  17  0:57  Drone  
  18  1:09  Extractor  
  17  1:13  Spawning Pool  
  17  1:15  Drone  
  17  1:19  Drone  
  18  1:30  Drone  
  19  1:42  Hatchery  
  19  1:45  Drone  
  19  1:58  Drone  
  20  2:03  Queen  
  20  2:04  Zergling x2  
  20  2:05  Drone  
  24  2:10  Drone  
  25  2:17  Metabolic Boost  
  25  2:18  Drone  
  26  2:25  Overlord  
  26  2:28  Drone  
  27  2:33  Drone  
  28  2:43  Queen  
  30  2:45  Zergling x2, Drone  
  32  2:53  Drone x2  
  32  2:54  Pneumatized Carapace  
  34  3:00  Queen  
  34  3:05  Overlord  
  36  3:08  Drone  
  37  3:13  Overlord  
  37  3:26  Drone x5  
  42  3:32  Overlord  
  42  3:33  Zergling x2  
  43  3:42  Drone x3  
  43  3:43  Drone x2  
  43  3:47  Drone x2  
  50  3:54  Overlord  
  50  3:55  Drone x3  
  53  3:58  Overlord  
  53  4:01  Overlord  
  53  4:05  Overlord  
  53  4:09  Roach Warren  
  52  4:11  Lair  
  52  4:13  Baneling Nest  
  52  4:16  Evolution Chamber  
  51  4:17  Extractor  
  51  4:19  Drone x4  
  51  4:23  Drone x2  
  56  4:27  Drone x2, Spine Crawler  
  57  4:31  Zergling x2  
  57  4:32  Zergling x4  
  57  4:36  Zergling x4  
  57  4:37  Spore Crawler  
  61  4:42  Zerg Melee Weapons Level 1  
  61  4:44  Queen  
  63  4:49  Overlord  
  63  4:53  Zergling x6  
  63  4:56  Drone x4  
  63  4:57  Drone  
  63  4:59  Extractor, Baneling x4  
  70  5:00  Baneling  
  70  5:04  Overlord  
  70  5:08  Drone  
  70  5:09  Drone x4  
  70  5:12  Extractor  
  74  5:14  Extractor, Drone x2  
  74  5:15  Drone  
  76  5:21  Hydralisk Den  
  76  5:26  Zergling x4  
  76  5:27  Zergling x4  
  79  5:30  Drone x2  
  79  5:31  Drone  
  79  5:34  Drone x3  
  85  5:39  Overlord  
  85  5:42  Zergling x6  
  88  5:43  Zergling x2  
  88  5:48  Overlord  
  88  5:49  Overlord  
  89  5:50  Overlord  
  86  6:03  Hydralisk  
  86  6:04  Hydralisk x5  
  89  6:14  Hatchery, Overlord  
  89  6:16  Drone  
  89  6:17  Drone  
  89  6:18  Hydralisk  
  89  6:26  Centrifical Hooks  
  89  6:28  Muscular Augments  
  89  6:32  Overlord, Hydralisk x2  
  89  6:33  Hydralisk x2  
  97  6:41  Zerg Melee Weapons Level 2  
  97  6:43  Zergling x14  
  97  6:47  Overlord  
  104  6:53  Overlord  
  102  6:59  Hydralisk x5  
  111  7:04  Zergling x4  
  111  7:07  Zergling x6  
  111  7:08  Zergling x2  
  117  7:10  Overlord  
  117  7:11  Zergling x4  
  118  7:20  Zergling x6  
  117  7:27  Zergling x2  
  117  7:28  Zergling x4  
  117  7:29  Baneling x4  
  117  7:33  Overlord  
  117  7:35  Zergling x10, Overseer  
  117  7:36  Zergling x2, Queen  
  125  7:39  Zergling x2  
  125  7:40  Zergling x10  
  131  7:45  Overlord  
  131  7:48  Zergling x6  
  134  7:54  Zergling x6  
  134  7:57  Overlord  
  134  7:58  Zergling x4  
  136  8:02  Baneling  
  136  8:03  Baneling x19  
  136  8:04  Baneling x3  
  137  8:06  Baneling x2  
  137  8:09  Zergling x6  
  140  8:14  Zergling x8  
  140  8:17  Baneling x6  
  140  8:18  Baneling  
  144  8:20  Baneling x4  
  144  8:24  Zergling x6  
  147  8:39  Zergling x26  
  121  8:51  Drone x11  
  121  8:55  Extractor  
  127  8:59  Spire  
  127  9:00  Zergling x4  
  119  9:06  Zergling x10  
  118  9:12  Zergling x8  
  118  9:13  Extractor  
  118  9:14  Extractor  
  120  9:19  Drone  
  120  9:20  Drone x2  
  120  9:22  Zergling x4  
  125  9:30  Zergling x2  
  125  9:31  Zergling x10  
  131  9:32  Overlord  
  131  9:42  Spore Crawler  
  129  9:56  Hatchery  
  128  10:10  Mutalisk x16  
  159  10:15  Mutalisk  
  159  10:21  Zergling x16  
  162  10:26  Mutalisk x2  
  173  10:35  Mutalisk x2  
  173  10:44  Mutalisk x2  
  173  10:47  Zergling x20  
  176  10:57  Mutalisk x3  
  176  11:02  Zergling x6  
  176  11:03  Zergling x8  
  170  11:06  Mutalisk  
  170  11:09  Mutalisk  
  160  11:15  Mutalisk  
  160  11:16  Overlord  
  160  11:17  Zergling x2  
  157  11:25  Mutalisk  
  154  11:27  Zergling x4  
  148  11:46  Drone x2  
  140  11:48  Drone  
Tags
 
Add a new tag
Caveats
  • Supply blocks, unpowered buildings, or Contaminate may cause inaccurate times.
  • Supply counts are checked every 10 seconds.